 Dungeon Crawl Stone Soup version 0.16.0-17-g811c1d7 (webtiles) character file.

231 wojtek the Slicer (level 6, -7/35 HPs)
             Began as a Kobold Assassin on Mar 20, 2015.
             Mangled by Duvessa
             ... wielding a +0 rapier
              (9 damage)
             ... on level 4 of the Dungeon.
             The game lasted 00:04:55 (2875 turns).

wojtek the Slicer (Kobold Assassin)                 Turns: 2875, Time: 00:04:55

Health: -7/35      AC:  5    Str: 10    XL:     6   Next: 24%
Magic:  6/6        EV: 14    Int: 11    God:
Gold:   102        SH:  0    Dex: 17    Spells: 0 memorised, 5 levels left

rFire  . . .     SeeInvis .     b - +0 blowgun
rCold  . . .     Clarity  .     c - +0 robe
rNeg   . . .     SustAb   .     (no shield)
rPois  .         Gourm    .     n - +2 hat
rElec  .         Spirit   .     d - +0 cloak
rCorr  .         Warding  .     (no gloves)
rMut   .         Stasis   .     (no boots)
MR     .....                    (no amulet)
Stlth  +++.......               (no ring)
                                (no ring)

@: not resistant to hostile enchantments, fairly stealthy
A: carnivore 3
a: no special abilities


You were on level 4 of the Dungeon.
You were very full.

You visited 1 branch of the dungeon, and saw 4 of its levels.

You collected 102 gold pieces.

Inventory:

Hand weapons
 a - a +1 short sword of draining
 b - a +0 blowgun (weapon)
 v - a +2 dagger
Missiles
 e - 4 poisoned needles (quivered)
 f - 2 curare-tipped needles
Armour
 c - a +0 robe (worn)
 d - a +0 cloak (worn)
 n - a +2 hat (worn)
Scrolls
 k - 2 scrolls of identify {unknown}
 l - 2 scrolls of fear {unknown}
 m - 2 scrolls of teleportation {unknown}
 p - 4 scrolls of noise {unknown}
 q - a scroll of fog {unknown}
 r - a scroll of amnesia {unknown}
Potions
 h - 2 potions of resistance {unknown}
 o - a potion of lignification {unknown}
 t - a potion of cure mutation {unknown}
 u - a potion of flight {unknown}
 w - a potion of poison {unknown}
Books
 x - a book of the Warp

   Spells                             Type                      Level
   a - Recall                         Summoning/Translocation      3
   b - Control Teleport               Charms/Translocation         4
   c - Force Lance                    Conjuration/Translocation    4
   d - Phase Shift                    Translocation                5
   e - Warp Weapon                    Charms/Translocation         5
   f - Gell's Gravitas                Hexes/Translocation          5
   g - Summon Forest                  Summoning/Translocation      5
Comestibles
 g - 3 meat rations
 i - a beef jerky
 j - 5 chunks of flesh
 s - a royal jelly


   Skills:
 - Level 2.1 Fighting
 + Level 8.0 Short Blades
 - Level 2.6 Throwing
 - Level 1.2 Dodging
 - Level 5.3 Stealth


You had 5 spell levels left.
You didn't know any spells.

Dungeon Overview and Level Annotations

Branches:
Dungeon (4/15)
 Temple: D:4-7

Altars:
Nemelex Xobeh
Trog

Annotations:
D:4 Duvessa


Innate Abilities, Weirdness & Mutations

You are small and have problems with some larger weapons.
You are carnivorous and can eat meat at any time.


Message History

Press: ? - help, Shift-Dir - straight line, f/p - Duvessa
Aim: Duvessa, wielding a rapier (berserk, fast, unusually strong, poisoned)
You shoot a poisoned needle.
The poisoned needle barely misses Duvessa.
Duvessa hits you with a rapier. x2
Firing (i - inventory. (,) - cycle):
e - 6 poisoned needles (quivered)
Press: ? - help, Shift-Dir - straight line, f/p - Duvessa
Aim: Duvessa, wielding a rapier (berserk, fast, unusually strong, poisoned)
You shoot a poisoned needle. The poisoned needle hits Duvessa!
Duvessa looks even sicker.
Duvessa closely misses you.
Firing (i - inventory. (,) - cycle):
e - 5 poisoned needles (quivered)
Press: ? - help, Shift-Dir - straight line, f/p - Duvessa
Aim: Duvessa, wielding a rapier (lightly wounded, berserk, fast, unusually strong, poisoned)
You shoot a poisoned needle. The poisoned needle hits Duvessa!
Duvessa is lightly wounded.
Duvessa hits you with a rapier!!
Ouch! That really hurt!
* * * LOW HITPOINT WARNING * * *
Duvessa hits you with a rapier!
You die...

####.#
..#.#
#.#.##
#....##
.....
W.. #.#
#<## ##
#@.##(#
##e#(#
#.)#
#.##
#.. #.#
#.# #.#
...


You could see Duvessa (berserk) and dadoka's ghost (wandering).

Vanquished Creatures
  Dowan (D:4)
  An orc wizard (D:3)
  Ijyb (D:3)
  Robin (D:2)
  A worker ant zombie (D:3)
  5 adders
  2 worms (D:3)
  2 oozes
  2 orcs (D:3)
  6 giant cockroaches
  13 goblins
  11 hobgoblins
  6 jackals
  A quokka (D:3)
  9 bats
  A giant gecko (D:1)
  3 giant newts
  6 kobolds
  6 rats
78 creatures vanquished.

Notes
Turn   | Place    | Note
--------------------------------------------------------------
     0 | D:1      | wojtek, the Kobold Assassin, began the quest for the Orb.
     0 | D:1      | Reached XP level 1. HP: 12/12 MP: 1/1
   252 | D:1      | Reached XP level 2. HP: 17/17 MP: 2/2
   762 | D:1      | Reached XP level 3. HP: 21/21 MP: 3/3
  1189 | D:2      | Noticed Robin
  1208 | D:2      | Reached skill level 5 in Short Blades
  1258 | D:2      | Reached XP level 4. HP: 22/26 MP: 4/4
  1265 | D:2      | Killed Robin
  1411 | D:2      | Reached skill level 6 in Short Blades
  1602 | D:2      | Found a bloodstained altar of Trog.
  1715 | D:2      | Reached XP level 5. HP: 30/30 MP: 5/5
  2369 | D:3      | Reached skill level 7 in Short Blades
  2421 | D:3      | Noticed Ijyb
  2425 | D:3      | Killed Ijyb
  2507 | D:3      | Found a sparkling altar of Nemelex Xobeh.
  2660 | D:3      | Reached XP level 6. HP: 35/35 MP: 6/6
  2864 | D:4      | Noticed Dowan
  2867 | D:4      | Killed Dowan
  2867 | D:4      | Reached skill level 8 in Short Blades
  2868 | D:4      | Noticed Duvessa
  2875 | D:4      | Mangled by Duvessa

Action                   |  1- 3 |  4- 6 || total
-------------------------+-------+-------++-------
Melee: Dagger            |    78 |   113 ||   191
       Short sword       |       |    12 ||    12
 Fire: Blowgun           |       |     4 ||     4
 Stab: Sleeping          |     8 |     8 ||    16
  Eat: Chunk             |     9 |     5 ||    14
